 Dungeon Crawl Stone Soup version 0.32-a0-909-gc671339a80 (webtiles) character file.

Game seed: 8099543077612273377

6850 Heh the Spear-Bearer (level 11, -5/126 HPs)
             Began as a Coglin Gladiator on Apr 7, 2024.
             Was an Initiate of Beogh.
             Slain by an orc warrior
             ... wielding a +0 trident
              (13 damage)
             ... on level 9 of the Dungeon.
             The game lasted 00:20:09 (8920 turns).

Heh the Spear-Bearer (Coglin Gladiator)             Turns: 8920, Time: 00:20:11

Health: -5/126     AC: 25    Str: 19      XL:     11   Next: 6%
Magic:  11/11      EV:  2    Int:  8      God:    Beogh [......]
Gold:   490        SH:  0    Dex: 13 (15) Spells: 9/10 levels left

rFire   + . .        y - +1 spear (freeze) {Nittaya}
rCold   + . .        s - +0 trident {Eunwoo}
rNeg    . . .        q - melded +3 ring mail of Dice, Bag, and Bottle {rC+ Int+4 Dex-2 SInv}
rPois   +            c - melded +0 helmet
rElec   +            L - melded +0 cloak
rCorr   +            K - melded +0 pair of gloves
SInv    .            (boots currently unavailable)
Will    .....        (amulet unavailable)
Stlth   +            (ring unavailable)
HPRegen 0.41/turn    (ring unavailable)
MPRegen 0.12/turn    (no gizmo)

%: no passive effects
@: mighty, tree-form (expiring), resistant, attractive, hasted, invisible,
revving, very quick
A: stationary, stasis, torment immunity, boosted hp, off-hand wielding, slow
wielding, warmup strikes, no jewellery
a: Invent Gizmo, Renounce Religion


You were on level 9 of the Dungeon.
You worshipped Beogh.
Beogh was noncommittal.
You were a tree.
You visited 2 branches of the dungeon, and saw 10 of its levels.
You also visited: Sewer and Ossuary.

You collected 490 gold pieces.

Inventory:

Hand Weapons
 a - a +0 trident {Carlos}
 f - a +0 dagger {Wei}
 h - a +1 dagger of venom {Doyun}
 m - a +2 demon trident of venom
 o - a +0 vampiric spear {Artakama}
 s - a +0 trident (offhand) {Eunwoo}
 v - a +0 whip of venom
 x - a +1 dagger of venom
 y - a +1 spear of freezing (weapon) {Nittaya}
Missiles
 d - 3 throwing nets (quivered)
 e - a javelin
 u - 10 poisoned darts
Armour
 b - a +0 leather armour
 c - a +0 helmet (melded)
 g - a +0 chain mail
 q - the +3 ring mail of Dice, Bag, and Bottle (melded) {rC+ Int+4 Dex-2 SInv}
   (You found it on level 3 of the Dungeon)

   Int+4:     It affects your intelligence (+4).
   Dex-2:     It affects your dexterity (-2).
   rC+:       It protects you from cold.
   SInv:      It lets you see invisible.
 K - a +0 pair of gloves (melded)
 L - a +0 cloak (melded)
 P - the +2 scale mail "Jysedgh" {rC++}
   (You found it on level 7 of the Dungeon)

   rC++:      It greatly protects you from cold.
 Q - +0 steam dragon scales
Wands
 E - a wand of polymorph (8)
 N - a wand of mindburst (12)
 O - a wand of quicksilver (2)
 R - a wand of flame (18)
Scrolls
 j - 3 scrolls of teleportation
 l - 2 scrolls of enchant weapon
 r - a scroll of noise
 D - 4 scrolls of enchant armour
 J - a scroll of identify
Potions
 i - a potion of resistance
 k - 2 potions of cancellation
 n - 2 potions of curing
 p - 3 potions of enlightenment
 t - 3 potions of brilliance
 z - 2 potions of haste
 B - a potion of degeneration
 C - 2 potions of might
 F - a potion of lignification
 M - a potion of mutation {unknown}


   Skills:
 + Level 7.3 Fighting
 * Level 12.4 Polearms
 - Level 1.7 Throwing
 + Level 6.3 Armour
 - Level 2.6 Dodging


You had 9 spell levels left.
You knew the following spells:

 Your Spells              Type           Power      Damage    Failure   Level
a - Sting                 Conj/Alch      0%         1d3       41%         1

Your spell library contained the following spells:

 Spells                   Type           Power      Damage    Failure   Level
 Blink                    Tloc           0%         N/A       54%         2
 Lesser Beckoning         Tloc           0%         N/A       54%         2
 Mercury Vapours          Alch/Air       0%         N/A       54%         2
 Momentum Strike          Conj/Tloc      0%         3d8       54%         2
 Inner Flame              Hex/Fire       0%         N/A       78%         3
 Teleport Other           Tloc           0%         N/A       78%         3
 Flame Wave               Conj/Fire      0%         2d4       99%         4
 Olgreb's Toxic Radiance  Alch           0%         N/A       99%         4
 Sticky Flame             Fire/Alch      0%         2d4       99%         4
 Dispersal                Tloc           0%         N/A       100%        6
 Gell's Gavotte           Tloc           0%         2d(11-16) 100%        6


Dungeon Overview and Level Annotations

Branches:
Dungeon (9/15)             Temple (1/1) D:6            Lair (0/5) D:8
  Sewer (visited)         Ossuary (visited)
    Orc: D:9-12

Altars:
Ashenzari
Cheibriados
Dithmenos
Elyvilon
Makhleb
Nemelex Xobeh
Qazlal
Ru
Uskayaw
Vehumet
Wu Jian
Xom
Yredelemnul
Zin
The Shining One

Shops:
D:1 [   D:3 (

Annotations:
D:4 3 runed translucent doors, TROGSCHOSEN's ghost, amateur VSFi
D:7 4 runed translucent doors


Innate Abilities, Weirdness & Mutations

You are a tree.
Your roots penetrate the ground, keeping you stationary.
You cannot be teleported.
You are immune to unholy pain and torment.
Your maximum health is greatly increased.
Your equipment is partially melded.
You can wield a second weapon in your off-hand.
It takes a long time for you to wield or remove held weapons.
Your first few attacks do less damage.
You cannot equip rings or amulets.


Message History

Okay, then.
Okay, then.
Okay, then.
Okay, then.
As you read the scroll of fear, it crumbles to dust.
You assume a fearsome visage.
The orc warrior looks frightened!
The gnoll sergeant looks frightened!
The yak looks frightened!
The five-headed hydra looks frightened!
The kobold looks frightened! x4
The two-headed ogre looks frightened!
A kobold comes into view. It is wielding a +0 whip.
The kobold is attracted toward you. x2
The gnoll sergeant is attracted toward you.
The yak is attracted toward you. The kobold is attracted toward you.
Aiming: Quicksilver Bolt
Press: ? - help, Shift-Dir - straight line, f/p - yak
Aim: a yak (translocational energy, unable to see you, fleeing, 83% to hit)
The bolt of dispelling energy hits the five-headed hydra!!
The five-headed hydra is severely wounded.
Your attack snaps the five-headed hydra out of its fear.
The bolt of dispelling energy hits the orc warrior!
The orc warrior is severely wounded.
Your attack snaps the orc warrior out of its fear.
The bolt of dispelling energy hits the gnoll sergeant!
The gnoll sergeant is almost dead.
Your attack snaps the gnoll sergeant out of its fear.
The bolt of dispelling energy hits the yak!
The yak is moderately wounded.
Your attack snaps the yak out of its fear.
Your transformation is almost over.
The sentinel's mark upon you fades away.
The five-headed hydra bites you but does no damage.
The five-headed hydra bites you!
* * * LOW HITPOINT WARNING * * *
The five-headed hydra bites you but does no damage.
The five-headed hydra bites you!
* * * LOW HITPOINT WARNING * * *
The five-headed hydra bites you but does no damage.
The orc warrior hits you from afar with a +0 trident!
You die...
Beogh appreciates the orc warrior's killing of a heretic priest.

...## #....###.
..## ####
##........ .##
##..####†......#
##.....#..†...#
##....[.......## #
##.........K.###
###....>.......##
....>....K.K§..K##
.##.........§§K.♣#
)##...........O§D#
.##...........K.o#
.#######........g#
## ###......Y#
##......§
##.....## #.....#
##.####


You could see a five-headed hydra (unable to see you), a two-headed ogre (unable
to see you, fleeing), a yak (wandering, unable to see you), an orc warrior
(unable to see you), a gnoll sergeant (unable to see you) and 5 kobolds.

Vanquished Creatures
  A fire dragon (D:9)
  A hydra (D:9)
  Maurice (D:7)
  A kobold demonologist (D:9)
  A hornet (D:8)
  A wraith (D:7)
  4 yaks (D:9)
  2 steam dragons (D:7)
  A vampire mosquito (D:7)
  3 water moccasins
  A sky beast (D:7)
  Pargi (Sewer)
  An orc warrior (D:8)
  2 wolves (D:8)
  A centaur (D:9)
  4 phantoms
  2 kobold brigands
  An elf zombie (Ossuary)
  2 brain worms (Sewer)
  A weeping skull (Ossuary)
  4 bullfrogs
  2 gnoll sergeants (D:9)
  2 burial acolytes (Ossuary)
  9 wights
  3 killer bees (D:7)
  2 howler monkeys (D:9)
  3 bombardier beetles
  2 centaur zombies (Ossuary)
  9 hounds
  5 jellies
  2 orc priests (D:8)
  A human zombie (Ossuary)
  3 orc wizards
  Terence (D:3)
  2 iguanas (D:6)
  2 hound zombies (Ossuary)
  2 mummies (Ossuary)
  3 gnolls (D:2)
  2 adders
  A shadow imp (D:5)
  A white imp (D:7)
  2 ufetubi (D:7)
  3 dart slugs
  A ribbon worm (D:2)
  16 orcs
  3 endoplasms
  4 giant cockroaches
  5 gnoll zombies (Ossuary)
  5 goblins
  8 hobgoblins
  2 jackals (D:1)
  5 quokkas
  9 ball pythons
  4 bats
  9 frilled lizards
  3 kobolds
  6 orc zombies (Ossuary)
  3 rats
181 creatures vanquished.

Notes
Turn   | Place    | Note
-------+----------+-------------------------------------------
     0 | D:1      | Heh the Coglin Gladiator began the quest for the Orb.
     0 | D:1      | Reached XP level 1. HP: 16/16 MP: 1/1
    57 | D:1      | Reached skill level 3 in Polearms
   169 | D:1      | Reached XP level 2. HP: 22/22 MP: 2/2
   294 | D:1      | Found Syxt's Armour Shoppe.
   852 | D:2      | Reached XP level 3. HP: 27/27 MP: 3/3
  1001 | D:2      | Reached skill level 4 in Polearms
  1051 | D:2      | Found a faded altar of an unknown god.
  1051 | D:2      | Noticed a sun demon
  1143 | D:2      | Reached XP level 4. HP: 15/33 MP: 4/4
  1444 | D:3      | Found Moyfiw's Antique Weapon Shop.
  1460 | D:3      | Identified the +3 ring mail of Dice, Bag, and Bottle {rC+
                  | Int+4 Dex-2 SInv}
  1720 | D:3      | Noticed Terence
  1743 | D:3      | Killed Terence
  1994 | D:3      | Found a radiant altar of Vehumet.
  2291 | D:4      | Found a runed translucent gate.
  2291 | D:4      | Found a runed translucent gate.
  2291 | D:4      | Found a runed translucent gate.
  2331 | D:4      | Reached skill level 5 in Polearms
  2331 | D:4      | Reached XP level 5. HP: 32/38 MP: 5/5
  2717 | D:4      | Found a sand-covered staircase.
  2762 | Ossuary  | Entered an ossuary
  2762 | Ossuary  | Noticed a weeping skull
  2762 | Ossuary  | Noticed a weeping skull
  2762 | Ossuary  | Noticed a weeping skull
  2903 | Ossuary  | Reached skill level 6 in Polearms
  2903 | Ossuary  | Reached XP level 6. HP: 43/44 MP: 6/6
  3153 | Ossuary  | Reached skill level 7 in Polearms
  3153 | Ossuary  | Reached XP level 7. HP: 19/50 MP: 7/7
  3438 | D:4      | Noticed TROGSCHOSEN's ghost (amateur VSFi)
  3659 | D:5      | Entered Level 5 of the Dungeon
  3805 | D:5      | Reached skill level 8 in Polearms
  3979 | D:5      | Found a white marble altar of Elyvilon.
  4298 | D:5      | Reached XP level 8. HP: 56/56 MP: 8/8
  4442 | D:6      | Found a glowing drain.
  4465 | Sewer    | Entered a sewer
  4550 | Sewer    | Noticed Pargi
  4561 | Sewer    | Killed Pargi
  4562 | Sewer    | Reached skill level 1 in Armour
  4720 | D:6      | Reached skill level 9 in Polearms
  4760 | D:6      | Found a sacrificial altar of Ru.
  4908 | D:6      | Found a staircase to the Ecumenical Temple.
  4921 | Temple   | Entered the Ecumenical Temple
  6012 | D:6      | Reached XP level 9. HP: 52/65 MP: 9/9
  6252 | D:7      | Reached skill level 10 in Polearms
  6319 | D:7      | Noticed Maurice
  6323 | D:7      | Found a large runed translucent door.
  6325 | D:7      | Maurice stole a +1 dagger of venom {Doyun}
  6328 | D:7      | Maurice stole 3 throwing nets
  6329 | D:7      | Maurice stole 401 gold
  6345 | D:7      | Killed Maurice
  6416 | D:7      | Found a large runed translucent door.
  6416 | D:7      | Found a large runed translucent door.
  6492 | D:7      | Identified the +2 scale mail "Jysedgh" {rC++}
  6498 | D:7      | Identified the +7 orcbow "Zulorrutu" {heavy, *Corrode rF+
                  | Will++}
  6513 | D:7      | Noticed a kobold demonologist
  6579 | D:7      | Found a large runed translucent door.
  6585 | D:7      | Reached skill level 5 in Fighting
  6794 | D:7      | Identified the +9 sling of the Enchanted Forest {freeze,
                  | Str+2 Stlth+}
  6952 | D:7      | Reached skill level 11 in Polearms
  6952 | D:7      | Reached XP level 10. HP: 69/75 MP: 10/10
  7441 | D:8      | Found a staircase to the Lair.
  7472 | D:8      | Became a worshipper of Beogh the Shepherd
  7616 | D:8      | Reached skill level 5 in Armour
  7745 | D:8      | Found a shadowy altar of Dithmenos.
  8447 | D:9      | Noticed a five-headed hydra
  8461 | D:8      | Learned a level 1 spell: Sting
  8884 | D:9      | Noticed a fire dragon
  8890 | D:9      | Noticed a six-headed hydra
  8895 | D:9      | Noticed a kobold demonologist
  8897 | D:9      | Identified a scroll of acquirement
  8897 | D:9      | Acquired a +2 demon trident of venom
  8900 | D:9      | Noticed a sun demon
  8906 | D:9      | Killed a fire dragon
  8907 | D:9      | Reached skill level 12 in Polearms
  8908 | D:9      | Killed a six-headed hydra
  8911 | D:9      | Killed a kobold demonologist
  8912 | D:9      | Reached XP level 11. HP: 38/84 MP: 11/11
  8915 | D:9      | Noticed a two-headed ogre
  8920 | D:9      | Slain by an orc warrior

Illustrated notes

Levels and vault maps discovered:
D:1:      mrwooster_arrival_statue_3, layout_basic, serial_shops, shop
D:2:      layout_basic, dreamdust_ecumenical_altar_sealed_demon
D:3:      layout_basic, vehumet_crystals, serial_shops, shop,
          hangedman_feature_mirror, uniq_terence
D:4:      layout_basic, gammafunk_ghost_icy, nicolae_ossuary_entry_ruins
D:5:      layout_basic, kennysheep_mini_moat
D:6:      layout_cave_pools, mainiacjoe_overflow_alcove_1,
          minmay_temple_entry_wispy, mainiacjoe_sewer_entry_somewhere_in_here_1,
          item_on_display_a
D:7:      layout_cave_pools, serial_column_ruins, column_ruins_pillar_2,
          column_ruins_pillar_1, column_ruins_pillar_1, column_ruins_pillar_3,
          column_ruins_pillar_7, column_ruins_pillar_2, column_ruins_pillar_1,
          column_ruins_pillar_6, column_ruins_pillar_2, column_ruins_pillar_1,
          column_ruins_pillar_3, column_ruins_pillar_9,
          minmay_hollow_rounded_squares, uniq_maurice
D:8:      layout_layer_cave, grunt_dithmenos_shadows, erik_lair_orcish_takeover
D:9:      layout_cave_pods, kennysheep_orc_sif_temple, jmf_multi_god_temple2,
          mainiacjoe_overflow_brackets, minmay_pinched_square
Temple:   grunt_temple_mini_profane

Skill      XL: |  1  2  3  4  5  6  7  8  9 10 |
---------------+-------------------------------+-----
Polearms       | 3 4 5 6 7 8 9 11 12 | 12.4
Armour         | 2 4 6 |  6.3
Fighting       | 3 5 7 |  7.3
Throwing       | |  1.7
Dodging        | |  2.6

Action                     |  1- 3 |  4- 6 |  7- 9 | 10-12 || total
---------------------------+-------+-------+-------+-------++-------
  Melee: Trident           |    75 |   226 |   424 |   136 ||   861
         Dagger            |    57 |     2 |       |       ||    59
         Spear             |       |     8 |   113 |   127 ||   248
 Invoke: Convert to Beogh  |       |       |       |     1 ||     1
  Evoke: Wand              |       |       |       |     3 ||     3
    Use: Scroll            |       |       |    10 |     5 ||    15
         Potion            |       |       |       |    15 ||    15
   Stab: Distracted        |       |     1 |       |       ||     1
 Armour: Chain mail        |    47 |     4 |       |       ||    51
         Leather armour    |     2 |       |       |       ||     2
         Ring mail         |       |    85 |   140 |    84 ||   309
         Skin              |       |       |       |    94 ||    94
  Dodge: Dodged            |    29 |    63 |   115 |    59 ||   266

Table legend: (Time is in decaauts)
 A = Elapsed time spent in this place.
 B = Non-inter-level travel time spent in this place.
 C = Inter-level travel time spent in this place.
 D = Time resting spent in this place.
 E = Time spent auto-exploring this place.
 F = Levels seen in this place.
 G = Mean time per level.
                   A        B        C        D        E       F      G
               +--------+--------+--------+--------+--------+-----+--------+
         Total |   8866 |   8470 |    396 |    325 |   6680 |  12 |  738.8 |
       Dungeon |   7998 |   7603 |    395 |    325 |   6083 |   9 |  888.7 |
        Temple |      1 |      0 |      1 |      0 |      0 |   1 |    1.0 |
         Sewer |    276 |    276 |      0 |      0 |    192 |   1 |  276.0 |
       Ossuary |    590 |    590 |      0 |      0 |    404 |   1 |  590.0 |
               +--------+--------+--------+--------+--------+-----+--------+

Top non-repeatable levels by time:
     D:8: 1456 daAuts
     D:5: 1256 daAuts
     D:7: 949 daAuts
     D:4: 884 daAuts
     D:6: 862 daAuts
     D:1: 849 daAuts
     D:3: 842 daAuts
 Ossuary: 590 daAuts
     D:2: 555 daAuts
     D:9: 343 daAuts
   Sewer: 276 daAuts
  Temple: 1 daAuts
